 Dungeon Crawl Stone Soup version 0.31-a0-523-g071a6c1ffa (console) character file.

Game seed: 15461082684732471728

14944 Lexodia the Unseen (level 11, -1/60 HPs)
             Began as a Vampire Enchanter on Aug 11, 2023.
             Was a Believer of Uskayaw.
             Slain by a skeletal warrior
             ... wielding a +0 mace
              (17 damage)
             ... on level 12 of the Dungeon.
             The game lasted 00:30:50 (12189 turns).

Lexodia the Unseen (Vampire Enchanter)             Turns: 12189, Time: 00:30:51

Health: -1/60      AC: 10    Str:  7    XL:     11   Next: 95%
Magic:  19/21      EV: 15    Int: 18    God:    Uskayaw [**....]
Gold:   655        SH:  0    Dex: 19    Spells: 3/14 levels left

rFire   x . .        j - +2 dagger (elec)
rCold   + + +        (no shield)
rNeg    + + +        M - +2 robe {rC+}
rPois   ∞            o - +0 helmet
rElec   .            K - +2 cloak {Stlth+}
rCorr   .            N - +0 pair of gloves
SInv    +            z - +0 pair of boots
Will    +....        y - amulet of faith
Stlth   +++++++++    I - ring of magical power
HPRegen 0.00/turn    a - ring of ice
MPRegen 0.17/turn

%: faith
@: bloodless, inhibited regen
A: bloodless, fangs 3, see invisible, vampiric 2, hooves 1, low MP 1
a: Bat Form, Revivify, Renounce Religion, Stomp, Line Pass


You were on level 12 of the Dungeon.
You worshipped Uskayaw.
Uskayaw was noncommittal.
You visited 2 branches of the dungeon, and saw 13 of its levels.
You also visited: Sewer.

You collected 655 gold pieces.

Inventory:

Hand Weapons
 g - a +1 dagger of speed
 j - a +2 dagger of electrocution (weapon)
 A - a +2 rapier of freezing
 B - a +4 dagger
 C - a +4 dagger
Missiles
 k - 3 curare-tipped darts
 U - 4 javelins
 V - 6 silver javelins
Armour
 b - a +0 robe
 o - a +0 helmet (worn)
 z - a +0 pair of boots (worn)
 K - a +2 cloak of stealth (worn)
 L - a +1 leather armour of cold resistance
 M - a +2 robe of cold resistance (worn)
 N - a +0 pair of gloves (worn)
 R - a +0 buckler
 T - +0 acid dragon scales
Jewellery
 a - a ring of ice (right hand)
 n - a ring of protection from cold
 y - an amulet of faith (around neck)
 I - a ring of magical power (left hand)
 P - a ring of magical power
 W - a ring of willpower
Wands
 s - a wand of charming (14)
 u - a wand of flame (26)
 J - a wand of polymorph (23)
 S - a wand of iceblast (3)
Scrolls
 f - a scroll of revelation
 l - 4 scrolls of enchant armour
 m - 2 scrolls of amnesia
 p - a scroll of vulnerability
 q - 2 scrolls of teleportation
 x - 2 scrolls of silence
 D - 3 scrolls of fog
 E - a scroll of enchant weapon
 O - 2 scrolls of immolation
Potions
 c - 3 potions of invisibility
 d - a potion of resistance
 e - 3 potions of attraction
 h - 4 potions of curing
 i - a potion of berserk rage {unknown}
 r - a potion of might {unknown}
 v - 5 potions of brilliance
 w - 2 potions of magic {unknown}
 F - a potion of mutation
 G - 2 potions of heal wounds
 H - a potion of haste {unknown}
 Q - 4 potions of enlightenment


   Skills:
 * Level 3.7 Fighting
 - Level 12.0 Short Blades
 + Level 1.4 Throwing
 * Level 5.2 Dodging
 + Level 16.1 Stealth
 - Level 2.0 Spellcasting
 - Level 15.0 Hexes
 - Level 2.0 Ice Magic
 + Level 2.1 Invocations


You had 3 spell levels left.
You knew the following spells:

 Your Spells              Type           Power      Damage    Failure   Level
a - Ensorcelled Hibernat  Hex/Ice        96%        N/A       1%          2
b - Confusing Touch       Hex            54%        N/A       1%          3
c - Tukima's Dance        Hex            54%        N/A       1%          3
d - Dazzling Flash        Conj/Hex       56%        N/A       2%          3

Your spell library contained the following spells:

 Spells                   Type           Power      Damage    Failure   Level
 Inner Flame              Hex/Fire       28%        N/A       2%          3
 Summon Guardian Golem    Hex/Summ       28%        N/A       2%          3
 Vhi's Electric Charge    Tloc/Air       2%         N/A       47%         3
 Flame Wave               Conj/Fire      1%         2d4       87%         4
 Sticky Flame             Conj/Fire      1%         2d3       87%         4
 Arcjolt                  Conj/Air       0%         1d10      99%         5
 Plasma Beam              Fire/Air       0%         2x1d10    100%        6
 Orb of Destruction       Conj           0%         9d5       100%        7
 Spellforged Servitor     Conj/Summ      0%         N/A       100%        7


Dungeon Overview and Level Annotations

Branches:
Dungeon (12/15)            Temple (1/1) D:5            Lair (0/5) D:9
    Orc (0/2) D:11          Sewer (visited)

Altars:
Ashenzari
Cheibriados
Dithmenos
Fedhas
Gozag
Hepliaklqana
Kikubaaqudgha
Makhleb
Nemelex Xobeh
Okawaru
Qazlal
Ru
Sif Muna
Trog
Uskayaw
Vehumet
Wu Jian
Xom
Yredelemnul

Shops:
D:5 (

Portals:
Trove: D:10 (give 5 scrolls of fog)


Innate Abilities, Weirdness & Mutations

You do not regenerate when monsters are visible.
You are frail without blood (-20% HP).
You can heal yourself when you bite living creatures.
You are immune to poison.
You have razor-sharp teeth.
You have supernaturally acute eyesight. (SInv)
You are afflicted with vampirism and can become a bat while bloodless.
You have large cloven feet.
Your magical capacity is low. (-10% MP)


Message History

You can now pass through a line of other dancers.
Your Dodging skill increases to level 5!
The helpless skeletal warrior fails to defend itself.
You skewer the skeletal warrior like a kebab!!!!!
You destroy the skeletal warrior!
Uskayaw will force your foes to helplessly watch your dance.
Uskayaw prepares the audience for your solo!
Training target 15.0 for Hexes reached!
Your Hexes skill increases to level 15!
Your Invocations skill increases to level 2!
The skeletal warrior is no longer paralysed.
You see here a +0 glaive.
You see here a +0 glaive.
Casting: Ensorcelled Hibernation (safe; 1% risk of failure)
Confirm with . or Enter, or press ? or * to list all spells.
You can't see any susceptible monsters within range! (Use Z to cast anyway.) Unknown command.
Casting: Ensorcelled Hibernation (safe; 1% risk of failure)
Confirm with . or Enter, or press ? or * to list all spells.
You can't see any susceptible monsters within range! (Use Z to cast anyway.) Unknown command.
Casting: Ensorcelled Hibernation (safe; 1% risk of failure)
Confirm with . or Enter, or press ? or * to list all spells.
Aiming: Tukima's Dance (safe; 1% risk of failure)
Press: ? - help, Shift-Dir - straight line, f - skeletal warrior
Aim: a skeletal warrior, wielding a +0 mace (chance to affect: 11%)
The skeletal warrior resists with almost no effort.
The skeletal warrior hits you with a +0 short sword!
Huge Dmg: -28%(-17hp) hp: 72%(43hp)
The skeletal warrior attacks as you move away!
The skeletal warrior hits you with a +0 short sword!
Found 10 gold pieces.
Huge Dmg: -22%(-13hp) hp: 50%(30hp)
The skeletal warrior attacks as you move away!
The skeletal warrior misses you.
The skeletal warrior attacks as you move away!
The skeletal warrior hits you with a +0 short sword!
* * * LOW HITPOINT WARNING * * *
The skeletal warrior hits you with a +0 mace!
You die...

..................~~S~~S~~
..................~~~~~~~~
..................~~~~~S~~#
..................~~~~~~~~#
.####..###.##.####~~~~~~~~#
.......###.##.#####~~~~~~~#
.#####.#.........# #~~~~~~#
.# #.#.....###.# #~~~~# ##
#.#.....# #@#####~~#
#.#.....###.z..)...#
#.###.###...z..)...# #.#
#.# #..........# #.#
#.##............# ..#
#.##...########..~~ #...
#~~~ #... ~~~~ ..... ~~~


You could see 2 skeletal warriors.

Vanquished Creatures
  Gastronok (D:9)
  The ghost of magaron the Blocker, a journeyman MiFi of Okawaru (D:10)
  Erica (D:9)
  4 two-headed ogres
  2 skeletal warriors (D:12)
  Pikel (D:6)
  Joseph (D:9)
  2 trolls (D:11)
  Sigmund (D:3)
  3 wraiths
  A vampire (D:11)
  15 yaks
  Grum (D:9)
  A basilisk (D:9)
  2 wyverns (D:9)
  Menkaure (D:6)
  A warg (D:11)
  2 acid dragons (D:10)
  5 water moccasins
  Duvessa (D:6)
  5 orc warriors
  An ice beast (D:6)
  2 black bears
  2 wolves
  An ogre (D:5)
  7 centaurs
  3 kobold brigands
  3 bullfrogs
  A scorpion (D:6)
  5 wights (D:7)
  Dowan (D:6)
  2 howler monkeys
  Crazy Yiuf (D:5)
  A jelly (D:5)
  9 orc priests
  A hound (D:6)
  9 iguanas
  7 orc wizards
  Natasha (twice) (D:2)
  A hell rat (Sewer)
  Robin (D:2)
  4 river rats
  6 adders
  A shadow imp (D:8)
  4 white imps
  An ufetubus (D:5)
  3 worms
  5 dart slugs
  40 orcs
  6 bats
  10 endoplasms
  5 giant cockroaches
  13 hobgoblins
  7 quokkas
  12 ball pythons
  4 frilled lizards
  15 goblins
  19 kobolds
  12 rats
279 creatures vanquished.

Notes
Turn   | Place    | Note
-------+----------+-------------------------------------------
     0 | D:1      | Lexodia the Vampire Enchanter began the quest for the Orb.
     0 | D:1      | Reached XP level 1. HP: 13/13 MP: 3/3
   153 | D:1      | Reached XP level 2. HP: 19/19 MP: 5/5
   161 | D:1      | Huge Dmg: 5 dmg
   167 | D:1      | Huge Dmg: 2 dmg
   186 | D:1      | Huge Dmg: 4 dmg
   188 | D:1      | Huge Dmg: 2 dmg
   380 | D:1      | Gained mutation: You are afflicted with vampirism and can
                  | become a bat while bloodless. [Vampire growth]
   380 | D:1      | Reached XP level 3. HP: 24/24 MP: 6/6
   604 | D:1      | Learned a level 2 spell: Ensorcelled Hibernation
   608 | D:1      | Learned a level 3 spell: Confusing Touch
  1032 | D:2      | Huge Dmg: 4 dmg
  1035 | D:2      | Huge Dmg: 3 dmg
  1097 | D:2      | Noticed Robin
  1100 | D:2      | Found a hazy altar of Hepliaklqana.
  1119 | D:2      | Huge Dmg: 4 dmg
  1133 | D:2      | Huge Dmg: 3 dmg
  1142 | D:2      | Huge Dmg: 4 dmg
  1144 | D:2      | Reached XP level 4. HP: 11/30 MP: 2/7
  1146 | D:2      | Killed Robin
  1230 | D:2      | Noticed Natasha
  1237 | D:2      | Killed Natasha
  1494 | D:2      | Noticed Natasha
  1504 | D:2      | Killed Natasha
  1505 | D:2      | Reached skill level 5 in Short Blades
  1568 | D:2      | Huge Dmg: 6 dmg
  1570 | D:2      | Reached XP level 5. HP: 23/35 MP: 5/8
  1574 | D:2      | Learned a level 3 spell: Tukima's Dance
  1759 | D:2      | Gained mutation: Armour fits poorly on your strangely
                  | shaped body. [potion of mutation]
  1759 | D:2      | Gained mutation: You are robust. (+10% HP) [potion of
                  | mutation]
  1759 | D:2      | Gained mutation: Your magical capacity is low. (-10% MP)
                  | [potion of mutation]
  1759 | D:2      | Gained mutation: You passively map a small area around you.
                  | [potion of mutation]
  1760 | D:2      | Lost mutation: You passively map a small area around you.
                  | [potion of mutation]
  1760 | D:2      | Lost mutation: You are robust. (+10% HP) [potion of
                  | mutation]
  1760 | D:2      | Lost mutation: Armour fits poorly on your strangely shaped
                  | body. [potion of mutation]
  1760 | D:2      | Gained mutation: You have large cloven feet. [potion of
                  | mutation]
  1867 | D:3      | Noticed Sigmund
  1871 | D:3      | Huge Dmg: 10 dmg
  1872 | D:3      | Huge Dmg: 8 dmg
  1874 | D:3      | Killed Sigmund
  1875 | D:3      | Reached XP level 6. HP: 21/41 MP: 3/8
  2835 | D:4      | Reached XP level 7. HP: 41/46 MP: 6/9
  3119 | D:5      | Entered Level 5 of the Dungeon
  3317 | D:5      | Found Eruppio's Weapon Shoppe.
  3368 | D:5      | Found a glowing drain.
  3407 | Sewer    | Entered a sewer
  3459 | Sewer    | Huge Dmg: 10 dmg
  3470 | Sewer    | Huge Dmg: 10 dmg
  3496 | Sewer    | Huge Dmg: 11 dmg
  3578 | D:5      | Found a staircase to the Ecumenical Temple.
  3700 | D:5      | Huge Dmg: 12 dmg
  3701 | D:5      | Huge Dmg: 8 dmg
  3704 | D:5      | Reached skill level 10 in Short Blades
  3915 | D:5      | Found a runed translucent door.
  3916 | D:5      | Noticed Crazy Yiuf
  3924 | D:5      | Killed Crazy Yiuf
  3996 | D:6      | Reached XP level 8. HP: 41/41 MP: 9/9
  4127 | D:6      | Noticed Pikel
  4130 | D:6      | Noticed Dowan
  4131 | D:6      | Killed Pikel
  4133 | D:6      | Noticed Duvessa
  4320 | D:6      | Huge Dmg: 7 dmg
  4329 | D:6      | Huge Dmg: 6 dmg
  4330 | D:6      | Killed Duvessa
  4603 | D:6      | Found a shimmering altar of Xom.
  4603 | D:6      | Noticed Menkaure
  4606 | D:6      | Reached skill level 1 in Ice Magic
  4610 | D:6      | Huge Dmg: 14 dmg
  4612 | D:6      | Killed Menkaure
  4613 | D:6      | Reached skill level 5 in Stealth
  4613 | D:6      | Reached skill level 5 in Hexes
  4703 | D:6      | Killed Dowan
  4755 | D:6      | Reached XP level 9. HP: 45/45 MP: 10/10
  4773 | D:6      | Reached skill level 6 in Stealth
  4967 | D:6      | Found a basalt altar of Yredelemnul.
  4983 | D:6      | Huge Dmg: 9 dmg
  5070 | D:6      | Reached skill level 7 in Stealth
  5382 | D:7      | Reached skill level 8 in Stealth
  5391 | D:7      | Found a sparkling altar of Nemelex Xobeh.
  5685 | D:7      | Found a shimmering altar of Xom.
  6218 | Temple   | Entered the Ecumenical Temple
  6339 | D:8      | Huge Dmg: 11 dmg
  6360 | D:8      | Huge Dmg: 14 dmg
  6362 | D:8      | Huge Dmg: 8 dmg
  6449 | D:8      | Noticed a two-headed ogre
  6455 | D:8      | Found an ornate altar of the Wu Jian Council.
  6463 | D:8      | Huge Dmg: 19 dmg
  6464 | D:8      | Killed a two-headed ogre
  6465 | D:8      | Reached skill level 10 in Stealth
  6557 | D:8      | Learned a level 3 spell: Dazzling Flash
  6627 | D:8      | Reached skill level 10 in Hexes
  6722 | D:8      | Reached XP level 10. HP: 50/50 MP: 11/11
  6764 | D:8      | Huge Dmg: 13 dmg
  6972 | D:8      | Reached skill level 11 in Stealth
  7019 | D:8      | Found an ornate altar of the Wu Jian Council.
  7594 | D:9      | Noticed Joseph
  7605 | D:9      | Huge Dmg: 19 dmg
  7615 | D:9      | Huge Dmg: 9 dmg
  7621 | D:9      | Huge Dmg: 9 dmg
  7628 | D:9      | Huge Dmg: 7 dmg
  7633 | D:9      | Huge Dmg: 13 dmg
  7640 | D:9      | Huge Dmg: 5 dmg
  7645 | D:9      | Reached skill level 12 in Stealth
  7819 | D:9      | Found a staircase to the Lair.
  7830 | D:9      | Huge Dmg: 12 dmg
  7836 | D:9      | Huge Dmg: 9 dmg
  7861 | D:9      | Reached skill level 13 in Stealth
  7999 | D:9      | Killed Joseph
  8011 | D:9      | Noticed a two-headed ogre
  8016 | D:9      | Killed a two-headed ogre
  8017 | D:9      | Reached skill level 14 in Stealth
  8138 | D:9      | Noticed Erica
  8140 | D:9      | Huge Dmg: 19 dmg
  8141 | D:9      | Huge Dmg: 7 dmg
  8143 | D:9      | Killed Erica
  8144 | D:9      | Reached XP level 11. HP: 34/54 MP: 12/12
  8237 | D:9      | Noticed Grum
  8257 | D:10     | Entered Level 10 of the Dungeon
  8261 | D:10     | Found a runed translucent door.
  8341 | D:10     | Found a hazy altar of Hepliaklqana.
  8558 | D:10     | Found a portal to a secret trove of treasure.
  8673 | D:10     | Huge Dmg: 12 dmg
  8677 | D:10     | Huge Dmg: 18 dmg
  9040 | D:9      | Noticed Gastronok
  9048 | D:9      | Killed Gastronok
  9049 | D:9      | Reached skill level 15 in Stealth
  9213 | D:9      | Noticed a two-headed ogre
  9218 | D:9      | Killed a two-headed ogre
  9219 | D:9      | Reached skill level 1 in Fighting
  9275 | D:9      | Huge Dmg: 12 dmg
  9276 | D:9      | Huge Dmg: 11 dmg
  9599 | D:9      | Found a staircase to the Lair.
  9625 | D:9      | Killed Grum
 10243 | D:10     | Found a hide-covered altar of Uskayaw.
 10251 | D:10     | Became a worshipper of Uskayaw the Reveller
 10259 | D:10     | Reached * piety under Uskayaw
 10415 | D:10     | Reached ** piety under Uskayaw
 10576 | D:10     | Noticed magaron's ghost (journeyman MiFi)
 10591 | D:10     | Huge Dmg: 18 dmg
 10593 | D:10     | Huge Dmg: 17 dmg
 10595 | D:10     | Killed magaron's ghost
 10896 | D:11     | Found a staircase to the Orcish Mines.
 10917 | D:11     | Reached *** piety under Uskayaw
 10921 | D:11     | Huge Dmg: 16 dmg
 10935 | D:11     | Huge Dmg: 13 dmg
 11512 | D:11     | Huge Dmg: 23 dmg
 11513 | D:11     | Huge Dmg: 5 dmg
 11515 | D:11     | Reached skill level 1 in Invocations
 11515 | D:11     | Huge Dmg: 6 dmg
 11519 | D:11     | Reached **** piety under Uskayaw
 11521 | D:11     | Reached ***** piety under Uskayaw
 11748 | D:11     | Identified the +0 ring mail of Hepliaklqana {rF+}
 11976 | D:12     | Noticed a two-headed ogre
 11983 | D:12     | Killed a two-headed ogre
 11984 | D:12     | Reached skill level 1 in Throwing
 11984 | D:12     | Reached skill level 16 in Stealth
 11984 | D:12     | Noticed a skeletal warrior
 11987 | D:12     | Huge Dmg: 55 dmg
 12175 | D:12     | Noticed a skeletal warrior
 12175 | D:12     | Noticed a skeletal warrior
 12175 | D:12     | Noticed a skeletal warrior
 12179 | D:12     | Killed a skeletal warrior
 12180 | D:12     | Reached skill level 5 in Dodging
 12180 | D:12     | Killed a skeletal warrior
 12181 | D:12     | Reached skill level 15 in Hexes
 12186 | D:12     | Huge Dmg: 17 dmg
 12188 | D:12     | Huge Dmg: 13 dmg
 12189 | D:12     | Slain by a skeletal warrior

Illustrated notes

Levels and vault maps discovered:
D:1:      dpeg_arrival_signposts, layout_loops_ring, minmay_indecisive_spiral
D:2:      minmay_general_purpose_star, layout_rooms, basic_altar, uniq_robin,
          uniq_natasha
D:3:      layout_loops_cross, uniq_sigmund
D:4:      kennysheep_big_flooded_room, layout_basic
D:5:      layout_basic, minmay_temple_entry_purple_smoke, serial_shops,
          nicolae_shop_gibbet_a_chance, portal_sewer_entry_a,
          uniq_crazy_yiuf_cottage
D:6:      layout_basic, serial_glass, glass_columns_a, glass_columns_c,
          minmay_strange_pillars, hangedman_feature_mirror, uniq_pikel,
          uniq_duvessa, uniq_menkaure
D:7:      layout_basic, general_overflow_altar, nicolae_overflow_crystal_walls
D:8:      layout_loops_cross, nicolae_wu_jian_wuxing_cycle
D:9:      layout_roguey, tso_oasis_becter, minmay_lair_entry_grove, hex_medium,
          uniq_joseph, uniq_erica, uniq_grum, uniq_gastronok
D:10:     layout_basic, mainiacjoe_overflow_surrounded_room,
          nicolae_uskayaw_murder_on_the_dancefloor,
          ebering_ghost_reflecting_pool, trove_entry_hex_spiral
D:11:     layout_gridville, david_orc_3
D:12:     layout_basic, statue_in_the_mist_lemuel, uniq_nessos
Temple:   nicolae_temple_bog_church

Skill      XL: |  1  2  3  4  5  6  7  8  9 10 11 |
---------------+----------------------------------+-----
Short Blades   | 2 3 4 5 6 8 10 12 | 12.0
Ice Magic      | 2 |  2.0
Stealth        | 5 10 14 16 | 16.1
Hexes          | 5 10 13 15 | 15.0
Fighting       | 3 |  3.7
Dodging        | 5 |  5.2
Invocations    | 2 |  2.1
Throwing       | 1 |  1.4
Spellcasting   | |  2.0

Action                     |  1- 3 |  4- 6 |  7- 9 | 10-12 || total
---------------------------+-------+-------+-------+-------++-------
  Melee: Dagger            |   165 |   106 |   196 |   148 ||   615
         Bite              |    17 |    13 |    14 |    23 ||    67
         Punch             |     1 |       |     2 |     2 ||     5
         Kick              |       |    12 |     5 |       ||    17
   Cast: Ensorcelled Hiber |     1 |    15 |    44 |    53 ||   113
         Confusing Touch   |     1 |       |     6 |     2 ||     9
         Tukima's Dance    |       |       |       |     1 ||     1
 Invoke: Stomp             |       |       |       |     2 ||     2
Ability: Exsanguinate      |       |       |     1 |       ||     1
  Evoke: Wand              |       |       |       |     1 ||     1
    Use: Scroll            |       |     5 |    11 |     3 ||    19
         Potion            |       |     2 |       |     1 ||     3
   Stab: Sleeping          |     7 |    21 |    50 |    61 ||   139
         Confused          |       |       |     5 |     2 ||     7
         Distracted        |       |       |     1 |     3 ||     4
         Paralysed         |       |       |       |     1 ||     1
 Armour: Robe              |    28 |    16 |    29 |    27 ||   100
  Dodge: Dodged            |    96 |    42 |    75 |    85 ||   298

Table legend: (Time is in decaauts)
 A = Elapsed time spent in this place.
 B = Non-inter-level travel time spent in this place.
 C = Inter-level travel time spent in this place.
 D = Time resting spent in this place.
 E = Time spent auto-exploring this place.
 F = Levels seen in this place.
 G = Mean time per level.
                   A        B        C        D        E       F      G
               +--------+--------+--------+--------+--------+-----+--------+
         Total |  11972 |  11232 |    740 |    890 |   8209 |  14 |  855.1 |
       Dungeon |  11812 |  11072 |    740 |    846 |   8175 |  12 |  984.3 |
        Temple |      1 |      1 |      0 |      0 |      0 |   1 |    1.0 |
         Sewer |    157 |    157 |      0 |     44 |     33 |   1 |  157.0 |
               +--------+--------+--------+--------+--------+-----+--------+

Top non-repeatable levels by time:
    D:10: 1683 daAuts
     D:9: 1538 daAuts
     D:8: 1413 daAuts
     D:5: 994 daAuts
     D:6: 964 daAuts
     D:7: 949 daAuts
    D:11: 911 daAuts
     D:1: 893 daAuts
     D:2: 839 daAuts
     D:3: 666 daAuts
     D:4: 655 daAuts
    D:12: 301 daAuts
   Sewer: 157 daAuts
  Temple: 1 daAuts
